Map: 中心协议

Players

Quail - Winner!

  • Race: Protoss Protoss
  • League: Platinum

SamsungYang

  • Race: Protoss Protoss
  • League: Platinum

VOD

Have the link to the VOD?

Description

Time

  • Played on: Dec. 3, 2015, 9:03 a.m.
  • Length: 10:48
Show
View Real Time Build Order
Export as new Build Order

Quail Protoss - Winner!

Build Orders: 1 Gate Expand, Oracle Opening 

Get SALT Encoding   

  12  0:01  Probe (Chrono Boost)  
  13  0:11  Probe (Chrono Boost)  
  14  0:18  Pylon  
  14  0:22  Probe (Chrono Boost)  
  15  0:36  Probe (Chrono Boost)  
  15  0:37  Gateway  
  16  0:46  Probe (Chrono Boost)  
  16  0:47  Assimilator  
  17  0:58  Probe (Chrono Boost)  
  18  1:17  Nexus  
  18  1:29  Cybernetics Core  
  19  1:32  Probe (Chrono Boost)  
  19  1:43  Probe (Chrono Boost)  
  20  1:49  Assimilator  
  20  1:51  Pylon  
  21  1:54  Probe (Chrono Boost)  
  21  2:04  Probe (Chrono Boost)  
  22  2:09  Stalker  
  22  2:15  Probe (Chrono Boost)  
  25  2:22  Stargate  
  25  2:26  Probe (Chrono Boost)  
  26  2:31  Probe (Chrono Boost)  
  26  2:36  Probe (Chrono Boost)  
  28  2:42  Probe (Chrono Boost)  
  28  2:43  Stalker  
  31  2:47  Probe (Chrono Boost)  
  32  2:52  Probe (Chrono Boost)  
  32  2:57  Probe (Chrono Boost)  
  34  3:02  Probe (Chrono Boost)  
  34  3:04  Oracle (Chrono Boost)  
  38  3:08  Probe, Warp Gate  
  38  3:12  Probe  
  40  3:20  Probe  
  40  3:22  Probe  
  40  3:23  Pylon  
  42  3:32  Stalker, Probe  
  42  3:33  Probe  
  45  3:35  Pylon  
  46  3:43  Probe  
  46  3:44  Probe  
  46  3:48  Pylon  
  48  3:52  Robotics Facility  
  48  4:06  Probe  
  48  4:08  Probe  
  50  4:17  Probe  
  50  4:20  Stalker, Probe  
  50  4:21  Void Ray (Chrono Boost)  
  56  4:27  Probe  
  56  4:28  Pylon  
  56  4:31  Assimilator x2  
  57  4:32  Probe  
  57  4:34  Pylon  
  58  4:42  Gateway, Observer  
  58  4:44  Probe, Gateway  
  57  4:46  Probe  
  58  4:55  Probe  
  58  4:58  Probe  
  60  5:04  Twilight Council  
  60  5:05  Immortal, Probe  
  65  5:17  Probe  
  65  5:20  Stalker, Gateway  
  68  5:23  Gateway  
  68  5:28  Probe  
  68  5:30  Probe  
  68  5:32  Gateway  
  68  5:33  Pylon  
  70  5:39  Mothership Core  
  72  5:43  Pylon  
  72  5:44  Blink (Chrono Boost)  
  72  5:46  Stalker x3  
  78  5:55  Immortal  
  82  6:01  Probe x2  
  84  6:13  Probe  
  84  6:16  Forge  
  84  6:17  Stalker x2  
  84  6:18  Stalker  
  91  6:35  Immortal (Chrono Boost)  
  91  6:39  Stalker x2  
  99  6:40  Probe  
  99  6:43  Nexus  
  100  6:47  Pylon  
  100  6:55  Robotics Bay  
  100  7:10  Forge  
  100  7:11  Immortal (Chrono Boost)  
  100  7:14  Protoss Ground Weapons Level 1 (Chrono Boost)  
  103  7:26  Stalker x2  
  103  7:27  Stalker  
  103  7:28  Probe  
  110  7:32  Pylon  
  110  7:35  Pylon  
  110  7:43  Pylon  
  110  7:46  Pylon  
  110  7:50  Probe  
  111  7:54  Photon Cannon  
  111  7:57  Protoss Ground Armor Level 1 (Chrono Boost)  
  111  8:00  Photon Cannon  
  111  8:01  Stalker x3  
  111  8:05  Disruptor  
  120  8:15  Robotics Facility  
  120  8:20  Adept x3  
  120  8:21  Probe  
  120  8:22  Probe  
  120  8:24  Photon Cannon  
  128  8:40  Disruptor, Photon Cannon  
  131  8:43  Pylon  
  128  9:02  Void Ray  
  131  9:04  Stalker x3, Probe  
  131  9:06  Probe x2  
  131  9:07  Assimilator  
  140  9:13  Assimilator  
  140  9:16  Disruptor  
  143  9:18  Probe x2, Disruptor  
  148  9:24  Adept  
  148  9:25  Adept x2  
  148  9:29  Probe  
  148  9:30  Probe x2, Pylon  
  157  9:39  Probe  
  157  9:42  Probe x2, Photon Cannon  
  160  9:50  Probe  
  149  10:20  Stalker x2  
  149  10:21  Stalker x4  
Show
View Real Time Build Order
Export as new Build Order

SamsungYang Protoss 

Build Orders: 1 Gate Expand 

Get SALT Encoding   

  12  0:01  Probe (Chrono Boost)  
  13  0:11  Probe (Chrono Boost)  
  14  0:19  Pylon  
  14  0:22  Probe (Chrono Boost)  
  15  0:38  Probe (Chrono Boost)  
  15  0:40  Gateway  
  16  0:43  Assimilator  
  16  1:14  Nexus  
  16  1:16  Probe (Chrono Boost)  
  17  1:27  Cybernetics Core  
  17  1:32  Assimilator  
  17  1:44  Gateway  
  17  1:52  Pylon  
  17  1:55  Probe (Chrono Boost)  
  18  2:04  Warp Gate  
  18  2:06  Probe (Chrono Boost)  
  19  2:16  Probe (Chrono Boost)  
  19  2:17  Stalker  
  22  2:27  Probe x2 (Chrono Boost)  
  24  2:38  Probe x2 (Chrono Boost)  
  26  2:48  Probe x2 (Chrono Boost)  
  28  2:59  Probe x2 (Chrono Boost)  
  28  3:01  Gateway  
  30  3:09  Probe x2 (Chrono Boost)  
  32  3:19  Pylon  
  33  3:20  Probe x2 (Chrono Boost)  
  33  3:24  Stalker  
  36  3:30  Probe (Chrono Boost)  
  36  3:32  Mothership Core (Chrono Boost)  
  39  3:35  Stalker  
  39  3:41  Probe (Chrono Boost)  
  42  3:51  Probe x2 (Chrono Boost)  
  44  4:01  Probe (Chrono Boost)  
  44  4:02  Probe (Chrono Boost)  
  44  4:12  Probe x2 (Chrono Boost)  
  45  4:22  Probe (Chrono Boost)  
  45  4:23  Probe (Chrono Boost)  
  46  4:27  Assimilator  
  46  4:30  Twilight Council, Pylon  
  46  4:32  Forge, Assimilator  
  46  4:33  Probe x2 (Chrono Boost), Pylon  
  46  4:34  Pylon  
  48  4:43  Probe (Chrono Boost)  
  48  4:44  Probe (Chrono Boost)  
  50  4:47  Gateway  
  50  4:49  Gateway  
  50  4:52  Pylon  
  50  4:54  Probe (Chrono Boost)  
  50  4:55  Probe (Chrono Boost)  
  50  4:58  Pylon  
  52  5:04  Protoss Ground Weapons Level 1  
  52  5:13  Photon Cannon  
  52  5:15  Pylon  
  52  5:17  Probe (Chrono Boost)  
  52  5:20  Blink (Chrono Boost)  
  53  5:27  Gateway  
  53  5:28  Gateway  
  53  5:31  Gateway  
  53  5:36  Gateway  
  53  5:41  Sentry x3  
  59  5:55  Photon Cannon  
  59  6:04  Robotics Facility  
  59  6:06  Stalker x3  
  59  6:09  Stalker  
  67  6:26  Nexus  
  67  6:29  Photon Cannon  
  67  6:47  Stalker x4  
  67  6:48  Stalker  
  67  6:54  Photon Cannon  
  77  7:00  Pylon  
  77  7:06  Observer  
  78  7:27  Immortal (Chrono Boost)  
  82  7:30  Robotics Bay  
  82  7:36  Dark Shrine  
  82  7:41  Protoss Ground Weapons Level 2 (Chrono Boost)  
  82  7:45  Pylon  
  82  7:47  Pylon  
  82  7:50  Pylon x2  
  82  7:51  Pylon  
  82  7:52  Probe  
  82  7:53  Probe x2, Forge  
  82  7:57  Assimilator  
  85  8:01  Assimilator  
  85  8:02  Probe  
  85  8:03  Pylon  
  87  8:05  Probe  
  87  8:06  Probe  
  88  8:13  Probe  
  88  8:17  Probe  
  88  8:18  Probe  
  91  8:20  Immortal (Chrono Boost)  
  91  8:23  Probe  
  96  8:27  Protoss Ground Armor Level 1 (Chrono Boost)  
  96  8:29  Probe  
  96  8:30  Templar Archives, Probe  
  98  8:34  Probe  
  98  8:41  Charge  
  99  8:42  Probe x2  
  99  8:44  Probe  
  102  8:50  Stalker x2, Sentry  
  102  8:54  Probe  
  102  8:55  Probe x2  
  108  9:01  Immortal  
  113  9:04  Sentry x2  
  113  9:05  Probe  
  113  9:06  Probe  
  113  9:07  Probe  
  120  9:15  Pylon, Robotics Facility  
  120  9:31  High Templar x4  
  124  9:33  Zealot x4  
  124  9:34  Zealot  
  138  9:43  Immortal (Chrono Boost)  
  142  9:57  Archon x2  
  120  10:07  Stalker x5  
  120  10:08  Stalker  
  124  10:22  Stalker  
  124  10:23  Stalker x2  
Tags
 
Add a new tag
Caveats
  • Supply blocks, unpowered buildings, or Contaminate may cause inaccurate times.
  • Supply counts are checked every 10 seconds.